[Event "Kurnosov Memorial Rapid 2019"]
[Site "Chelyabinsk"]
[Date "2019.09.07"]
[Round "6.10"]
[White "Sivuk, Vitaly"]
[Black "Tsvetkov, Andrey"]
[Result "1/2-1/2"]
[ECO "D31"]
[WhiteElo "2559"]
[BlackElo "2373"]
[Annotator "ChessBase"]
[PlyCount "57"]
[EventDate "2019.09.06"]
[EventType "swiss"]
[EventCountry "RUS"]
[SourceTitle "playchess.com"]
[Source "ChessBase"]
[SourceQuality "1"]
[TimeControl "900+10"]

1. d4 d5 2. c4 e6 3. Nc3 c6 4. e4 dxe4 5. Nxe4 Bb4+ 6. Bd2 Qxd4 7. Bxb4 Qxe4+ 8. Ne2 Na6 9. Bf8 Qe5 10. Qd2 Bd7 11. Bd6 Qe4 12. f3 Qh4+ 13. g3 Qf6 14. f4 Ne7 15. Nc3 c5 16. Ne4 Qd4 17. Nxc5 Qxd2+ 18. Kxd2 Bc6 19. Nxa6 O-O-O 20. c5 Bxh1 21. Bd3 Nf5 22. Bxf5 exf5 23. Rxh1 bxa6 24. Rc1 Kb7 25. Rc3 Rhe8 26. Rb3+ Kc6 27. Ra3 Kb7 28. Rb3+ Kc6 29. Ra3 1/2-1/2

[Event "Kurnosov Memorial Rapid 2019"]
[Site "Chelyabinsk"]
[Date "2019.09.07"]
[Round "8.6"]
[White "Volkov, Sergey"]
[Black "Shariyazdanov, Andrey"]
[Result "1-0"]
[ECO "B06"]
[WhiteElo "2557"]
[BlackElo "2477"]
[Annotator "ChessBase"]
[PlyCount "79"]
[EventDate "2019.09.06"]
[EventType "swiss"]
[EventCountry "RUS"]
[SourceTitle "playchess.com"]
[Source "ChessBase"]
[SourceQuality "1"]
[TimeControl "900+10"]

1. d4 g6 2. e4 Bg7 3. c4 d6 4. Nc3 e5 5. d5 a5 6. Bd3 Nd7 7. h4 Ngf6 8. Bc2 Nc5 9. Be3 Bd7 10. Qe2 O-O 11. O-O-O a4 12. Kb1 Qb8 13. h5 Nxh5 14. Rxh5 gxh5 15. Qxh5 b5 16. cxb5 Qe8 17. Nf3 f5 18. Qh2 f4 19. Bxc5 dxc5 20. Bxa4 Rf6 21. Bb3 Rh6 22. Qg1 Bxb5 23. Nxb5 Qxb5 24. d6+ c4 25. Qf1 Kf8 26. Bxc4 Qc5 27. Rd5 Qb6 28. d7 Rd8 29. a4 Rd6 30. a5 Qa7 31. Rxd6 cxd6 32. a6 Rxd7 33. Qd3 Ke7 34. Qd5 Kd8 35. Bb5 Re7 36. Qxd6+ Kc8 37. Nh4 Qxf2 38. Qxe7 Qe1+ 39. Kc2 Qf2+ 40. Kb3 1-0

[Event "Kurnosov Memorial Rapid 2019"]
[Site "Chelyabinsk"]
[Date "2019.09.07"]
[Round "9.8"]
[White "Harutjunyan, Gevorg"]
[Black "Kotsur, Pavel"]
[Result "1-0"]
[ECO "B43"]
[WhiteElo "2455"]
[BlackElo "2528"]
[Annotator "ChessBase"]
[PlyCount "53"]
[EventDate "2019.09.06"]
[EventType "swiss"]
[EventCountry "RUS"]
[SourceTitle "playchess.com"]
[Source "ChessBase"]
[SourceQuality "1"]
[TimeControl "900+10"]

1. e4 c5 2. Nf3 e6 3. d4 cxd4 4. Nxd4 a6 5. Nc3 Qc7 6. Qf3 Nf6 7. Bg5 Be7 8. O-O-O d6 9. Be2 Bd7 10. Qg3 b5 11. Nf5 exf5 12. Bxf6 gxf6 13. Nd5 Qd8 14. Qg7 Rf8 15. exf5 Bxf5 16. Bf3 Ra7 17. Rhe1 Be6 18. Qxh7 Kd7 19. Nf4 Kc8 20. Nxe6 fxe6 21. Rxe6 f5 22. Kb1 Rc7 23. Rde1 Bf6 24. Qh5 Re7 25. Qxf5 Rxe6 26. Rxe6 Qd7 27. Rxf6 1-0

[Event "Kurnosov Memorial Rapid 2019"]
[Site "Chelyabinsk"]
[Date "2019.09.07"]
[Round "9.9"]
[White "Drygalov, Andrey"]
[Black "Bezgodov, Alexei"]
[Result "1/2-1/2"]
[ECO "C42"]
[WhiteElo "2499"]
[BlackElo "2459"]
[Annotator "ChessBase"]
[PlyCount "62"]
[EventDate "2019.09.06"]
[EventType "swiss"]
[EventCountry "RUS"]
[SourceTitle "playchess.com"]
[Source "ChessBase"]
[SourceQuality "1"]
[TimeControl "900+10"]

1. e4 e5 2. Nf3 Nf6 3. Nxe5 d6 4. Nf3 Nxe4 5. d4 d5 6. Bd3 Nc6 7. O-O Be7 8. Nbd2 Nxd2 9. Bxd2 Bg4 10. c3 O-O 11. h3 Bh5 12. Be2 Re8 13. Ne1 Bxe2 14. Qxe2 Bg5 15. Qd1 Bxd2 16. Qxd2 Qe7 17. Nd3 Qe2 18. Rad1 Qxd2 19. Rxd2 Rad8 20. f3 f6 21. Kf2 Kf7 22. h4 Na5 23. b3 Nc6 24. g4 g6 25. Nf4 Rd6 26. h5 g5 27. Ne2 f5 28. gxf5 Rf6 29. Rg1 h6 30. Rd3 Ne7 31. Ng3 Ra8 1/2-1/2

[Event "Kurnosov Memorial Rapid 2019"]
[Site "Chelyabinsk"]
[Date "2019.09.08"]
[Round "10.4"]
[White "Volkov, Sergey"]
[Black "Lobanov, Sergei"]
[Result "1-0"]
[ECO "E15"]
[WhiteElo "2557"]
[BlackElo "2515"]
[Annotator "ChessBase"]
[PlyCount "63"]
[EventDate "2019.09.06"]
[EventType "swiss"]
[EventCountry "RUS"]
[SourceTitle "playchess.com"]
[Source "ChessBase"]
[SourceQuality "1"]
[TimeControl "900+10"]

1. d4 Nf6 2. c4 e6 3. Nf3 b6 4. g3 Ba6 5. Nbd2 c5 6. Bg2 Nc6 7. e3 Be7 8. O-O O-O 9. b3 Rc8 10. Bb2 cxd4 11. exd4 d5 12. Ne5 Na5 13. Rc1 Bb4 14. Re1 dxc4 15. bxc4 Bxd2 16. Qxd2 Nxc4 17. Nxc4 Bxc4 18. d5 exd5 19. Bh3 Ra8 20. Qd4 Re8 21. Bf5 h6 22. h4 b5 23. Rxe8+ Qxe8 24. g4 Qe2 25. Bc3 Qf3 26. Re1 Qh3 27. a3 a5 28. h5 b4 29. axb4 axb4 30. Bxb4 Nxh5 31. Qa7 Rf8 32. Qe7 1-0

[Event "Kurnosov Memorial Rapid 2019"]
[Site "Chelyabinsk"]
[Date "2019.09.08"]
[Round "10.5"]
[White "Zhalmakhanov, Ramazan"]
[Black "Pridorozhni, Aleksei"]
[Result "1-0"]
[ECO "B13"]
[WhiteElo "2342"]
[BlackElo "2599"]
[Annotator "RC"]
[PlyCount "119"]
[EventDate "2019.09.06"]
[EventType "swiss"]
[EventCountry "RUS"]
[SourceTitle "playchess.com"]
[Source "ChessBase"]
[SourceQuality "1"]
[TimeControl "900+10"]

1. e4 c6 2. d4 d5 3. exd5 cxd5 4. Bd3 Nc6 5. c3 Nf6 6. Bf4 g6 7. Nf3 Bg7 8. O-O O-O 9. Nbd2 Nh5 10. Be3 Qd6 11. Re1 b6 12. Nf1 a5 13. Ng3 Nxg3 14. hxg3 Ba6 15. Bf4 Qd7 16. Bxa6 Rxa6 17. Qd3 Ra7 18. a4 f6 19. Re2 Re8 20. Rae1 Rb7 21. Qb5 Na7 22. Qxd7 Rxd7 23. Re6 Rb7 24. g4 g5 25. Bd6 Kf7 26. Nd2 Bf8 27. Ba3 Rc8 28. Kf1 Rc6 29. R6e3 Nc8 30. g3 Rbc7 31. Ke2 Nd6 32. Kd3 Nc4 33. Nxc4 Rxc4 34. Re6 R4c6 35. R6e2 h6 36. f4 e5 37. Bxf8 e4+ 38. Ke3 Kxf8 39. Rf2 Kg7 40. Ref1 b5 41. axb5 Rb6 42. fxg5 fxg5 43. Kd2 Rxb5 44. Kc2 Rcb7 45. Kb1 a4 46. Ka2 Rb3 47. Rc2 Kg6 48. Rf5 R3b5 49. Re5 R7b6 50. Rf2 h5 51. Ka3 h4 52. gxh4 gxh4 53. Rh5 Rb3+ 54. Kxa4 Rxb2 55. Rxb2 Rxb2 56. Rxh4 Kg5 57. Rh5+ Kxg4 58. Rxd5 e3 59. Re5 Kf3 60. c4 1-0

[Event "Kurnosov Memorial Rapid 2019"]
[Site "Chelyabinsk"]
[Date "2019.09.08"]
[Round "10.6"]
[White "Kokarev, Dmitry"]
[Black "Belyakov, Bogdan"]
[Result "1-0"]
[ECO "A16"]
[WhiteElo "2601"]
[BlackElo "2495"]
[Annotator "RC"]
[PlyCount "87"]
[EventDate "2019.09.06"]
[EventType "swiss"]
[EventCountry "RUS"]
[SourceTitle "playchess.com"]
[Source "ChessBase"]
[SourceQuality "1"]
[TimeControl "900+10"]

1. c4 Nf6 2. Nc3 g6 3. g3 Bg7 4. Bg2 O-O 5. d4 d6 6. e3 c5 7. Nge2 Nc6 8. O-O Bd7 9. b3 Qc8 10. Bb2 Bh3 11. d5 Bxg2 12. Kxg2 Na5 13. Qc2 a6 14. a4 Qf5 15. Qxf5 gxf5 16. Ra3 Ne4 17. Rd1 Nxc3 18. Nxc3 Rfd8 19. Kf3 Be5 20. Ke2 Kf8 21. Kd3 Ke8 22. Kc2 Kd7 23. Ne2 Bxb2 24. Kxb2 e5 25. Kc2 Ke7 26. Ng1 Rg8 27. Raa1 Rg4 28. Nf3 Kf6 29. Kc3 Rc8 30. Ra2 Rgg8 31. Re1 Rg4 32. Nh4 Rgg8 33. f3 h5 34. e4 f4 35. Nf5 fxg3 36. hxg3 Rcd8 37. Rh1 Rg5 38. Rah2 Rdg8 39. Rxh5 Rxg3 40. Rh6+ R3g6 41. Nxd6 Rd8 42. Nf5 Rxh6 43. Rxh6+ Kg5 44. b4 1-0

[Event "Kurnosov Memorial Rapid 2019"]
[Site "Chelyabinsk"]
[Date "2019.09.08"]
[Round "10.7"]
[White "Korneev, Oleg"]
[Black "Shaposhnikov, Evgeny"]
[Result "1-0"]
[ECO "C24"]
[WhiteElo "2508"]
[BlackElo "2572"]
[Annotator "RC"]
[PlyCount "211"]
[EventDate "2019.09.06"]
[EventType "swiss"]
[EventCountry "RUS"]
[SourceTitle "playchess.com"]
[Source "ChessBase"]
[SourceQuality "1"]
[TimeControl "900+10"]

1. e4 e5 2. Bc4 Nf6 3. d3 c6 4. Nf3 d5 5. Bb3 Bb4+ 6. Bd2 Bxd2+ 7. Qxd2 a5 8. a3 Nbd7 9. Nc3 d4 10. Ne2 O-O 11. O-O Nh5 12. Ng3 Nxg3 13. fxg3 Qe7 14. Ng5 Nf6 15. h3 h6 16. Nf3 Be6 17. Bxe6 Qxe6 18. g4 Ne8 19. Nh4 Nd6 20. g5 Qe7 21. Nf5 Nxf5 22. Rxf5 hxg5 23. Rxg5 f6 24. Rg3 Kf7 25. Qe2 Ke8 26. Qh5+ Qf7 27. Qh7 g5 28. Qf5 Ke7 29. a4 Qe6 30. Qf2 Rh8 31. Rg4 Rh6 32. Rf1 Rah8 33. Qd2 Ra8 34. b3 Kd7 35. Rf5 Qe7 36. Qf2 Rg8 37. Qe1 Qb4 38. Qf2 Rgg6 39. Rg3 Qc3 40. Rg4 Qa1+ 41. Kh2 Qc1 42. Qe2 Kc7 43. Rf1 Qb2 44. Qd2 Kb6 45. Kg1 Qc3 46. Qf2 Ka7 47. Kh2 Rh5 48. Qe2 Rgh6 49. Rf3 Kb6 50. Qf2 Ka7 51. Rxf6 Rxf6 52. Qxf6 Qxc2 53. Qxe5 Qxd3 54. Qxa5+ Qa6 55. Qd2 c5 56. e5 Qe6 57. Rxg5 Rxg5 58. Qxg5 d3 59. Qe3 Qd5 60. e6 d2 61. e7 Qd6+ 62. g3 d1=Q 63. e8=Q Qc2+ 64. Qe2 Qxb3 65. Q8e5 Qxe5 66. Qxe5 b6 67. h4 c4 68. h5 c3 69. h6 c2 70. Qc7+ Ka6 71. h7 Qb2 72. Qc8+ Ka5 73. h8=Q c1=Q+ 74. Qxb2 Qxb2+ 75. Kh3 Qb1 76. g4 Qh1+ 77. Kg3 Qg1+ 78. Kh4 Kxa4 79. g5 b5 80. Qa6+ Kb4 81. Qd6+ Kc4 82. g6 b4 83. Qf4+ Kc3 84. Qe5+ Kc2 85. g7 b3 86. Qe4+ Kc3 87. Qf3+ Kc2 88. Qf5+ Kd2 89. Qd5+ Kc2 90. Qc4+ Kd2 91. g8=Q Qh2+ 92. Kg4 Qg2+ 93. Kf4 Qf2+ 94. Ke4 Qe3+ 95. Kf5 Qh3+ 96. Qgg4 Qh7+ 97. Kf4 Qh2+ 98. Ke4 Qh7+ 99. Qf5 Qh1+ 100. Kd4 Qa1+ 101. Kd5 Qa8+ 102. Qc6 Qg8+ 103. Kd4 Qg7+ 104. Qe5 Qg1+ 105. Kd5 Qg8+ 106. Kc5 1-0

[Event "Kurnosov Memorial Rapid 2019"]
[Site "Chelyabinsk"]
[Date "2019.09.08"]
[Round "10.8"]
[White "Mirzoev, Azer"]
[Black "Yudin, Sergei"]
[Result "1/2-1/2"]
[ECO "D02"]
[WhiteElo "2502"]
[BlackElo "2494"]
[Annotator "ChessBase"]
[PlyCount "95"]
[EventDate "2019.09.06"]
[EventType "swiss"]
[EventCountry "RUS"]
[SourceTitle "playchess.com"]
[Source "ChessBase"]
[SourceQuality "1"]
[TimeControl "900+10"]

1. d4 d5 2. Nf3 c6 3. e3 Bf5 4. c4 e6 5. Nc3 Nd7 6. Bd3 Bg6 7. O-O Ngf6 8. b3 Bd6 9. Bb2 O-O 10. h3 Ne4 11. Qc2 f5 12. Ne2 Qf6 13. Nd2 Bf7 14. f3 Nxd2 15. Qxd2 Qh6 16. Rad1 Nf6 17. Bc1 g5 18. e4 fxe4 19. fxe4 Nxe4 20. Bxe4 dxe4 21. Qxg5+ Qxg5 22. Bxg5 Bh5 23. g4 Bg6 24. Nf4 Bxf4 25. Bxf4 Rf7 26. Bh6 a5 27. h4 a4 28. h5 Rxf1+ 29. Rxf1 Bf7 30. Re1 axb3 31. axb3 Ra3 32. Rxe4 Rxb3 33. c5 b5 34. cxb6 Rxb6 35. Kf2 Rb3 36. Re5 Rb5 37. Re1 e5 38. dxe5 Be6 39. Re4 Kf7 40. Rf4+ Ke7 41. Bf8+ Kd7 42. Bd6 c5 43. g5 c4 44. Ke3 Rb3+ 45. Kd2 Rh3 46. g6 hxg6 47. hxg6 Rg3 48. Bb4 1/2-1/2

[Event "Kurnosov Memorial Rapid 2019"]
[Site "Chelyabinsk"]
[Date "2019.09.08"]
[Round "10.9"]
[White "Zhigalko, Andrey"]
[Black "Romanov, Evgeny"]
[Result "1/2-1/2"]
[ECO "A25"]
[WhiteElo "2478"]
[BlackElo "2579"]
[Annotator "ChessBase"]
[PlyCount "52"]
[EventDate "2019.09.06"]
[EventType "swiss"]
[EventCountry "RUS"]
[SourceTitle "playchess.com"]
[Source "ChessBase"]
[SourceQuality "1"]
[TimeControl "900+10"]

1. c4 e5 2. Nc3 Nc6 3. g3 f5 4. Bg2 Nf6 5. e3 g6 6. d3 Bg7 7. Nge2 O-O 8. O-O d6 9. Rb1 a5 10. b3 Ne7 11. e4 c6 12. d4 Nxe4 13. Nxe4 fxe4 14. dxe5 Bxe5 15. Bxe4 Bh3 16. Re1 d5 17. cxd5 Nxd5 18. Bxd5+ Qxd5 19. Qxd5+ cxd5 20. Bb2 Bd6 21. Rbd1 Rae8 22. Nd4 Bb4 23. Rxe8 Rxe8 24. f3 h5 25. Kf2 Bc5 26. Bc1 Rc8 1/2-1/2

[Event "Kurnosov Memorial Rapid 2019"]
[Site "Chelyabinsk"]
[Date "2019.09.08"]
[Round "10.10"]
[White "Bezgodov, Alexei"]
[Black "Frolyanov, Dmitry"]
[Result "1/2-1/2"]
[ECO "B24"]
[WhiteElo "2459"]
[BlackElo "2545"]
[Annotator "ChessBase"]
[PlyCount "122"]
[EventDate "2019.09.06"]
[EventType "swiss"]
[EventCountry "RUS"]
[SourceTitle "playchess.com"]
[Source "ChessBase"]
[SourceQuality "1"]
[TimeControl "900+10"]

1. e4 c5 2. Nc3 Nc6 3. Bb5 Nd4 4. Nf3 e6 5. O-O a6 6. Bd3 Nc6 7. e5 d6 8. exd6 Nf6 9. Ne4 Nxe4 10. Bxe4 Qxd6 11. b4 cxb4 12. Bb2 Bd7 13. a3 O-O-O 14. Re1 Be7 15. axb4 f5 16. Bxc6 Bxc6 17. Nd4 Bf6 18. Rxe6 Qxb4 19. Nxc6 Qxb2 20. Rb1 Rxd2 21. Qf1 Qa2 22. Ne7+ Bxe7 23. Rxe7 Qd5 24. Rbxb7 Qxb7 25. Qc4+ Kd8 26. Rxb7 Rd1+ 27. Qf1 Rxf1+ 28. Kxf1 Kc8 29. Ra7 Kb8 30. Rxa6 Rc8 31. Ra2 Kb7 32. Ke2 Kb6 33. Kd3 Rd8+ 34. Ke3 Rc8 35. Kf4 Rc5 36. f3 h6 37. h4 g6 38. g3 Kb7 39. Ra4 Rxc2 40. h5 gxh5 41. Kxf5 Rc5+ 42. Kf4 Kc7 43. Ra6 Rc4+ 44. Ke5 h4 45. gxh4 Rxh4 46. f4 Rh1 47. f5 h5 48. Rh6 h4 49. Kf6 h3 50. Kf7 Rf1 51. f6 Rf3 52. Ke7 Re3+ 53. Kf8 Kd7 54. f7 Rg3 55. Rh4 Kd8 56. Rd4+ Kc7 57. Ke7 Re3+ 58. Kf6 Rf3+ 59. Kg6 Rg3+ 60. Kf5 Rf3+ 61. Kg6 Rg3+ 1/2-1/2

[Event "Kurnosov Memorial Rapid 2019"]
[Site "Chelyabinsk"]
[Date "2019.09.08"]
[Round "11.3"]
[White "Sivuk, Vitaly"]
[Black "Volkov, Sergey"]
[Result "1-0"]
[ECO "A21"]
[WhiteElo "2559"]
[BlackElo "2557"]
[Annotator "ChessBase"]
[PlyCount "115"]
[EventDate "2019.09.06"]
[EventType "swiss"]
[EventCountry "RUS"]
[SourceTitle "playchess.com"]
[Source "ChessBase"]
[SourceQuality "1"]
[TimeControl "900+10"]

1. c4 e5 2. Nc3 Bb4 3. Nd5 Bc5 4. Nf3 c6 5. Nc3 Qe7 6. d4 exd4 7. Nxd4 Nf6 8. a3 d5 9. cxd5 Nxd5 10. Nxd5 cxd5 11. b4 Bb6 12. Bb2 a5 13. e3 O-O 14. b5 a4 15. Bd3 Ba5+ 16. Kf1 Bc7 17. Qh5 g6 18. Qxd5 Nd7 19. Rc1 Ne5 20. Be2 Rd8 21. Qe4 Bd6 22. Ra1 Re8 23. h3 Qf8 24. Qc2 Bd7 25. f4 Rec8 26. Qd2 Nc4 27. Bxc4 Rxc4 28. Kf2 Rac8 29. Rhc1 Rxc1 30. Bxc1 Qe7 31. Bb2 Bc5 32. Qc3 f6 33. Rc1 Bxd4 34. Qxd4 Rxc1 35. Bxc1 Bxb5 36. Qd5+ Qf7 37. Qxb5 Qa2+ 38. Qe2 Qb1 39. Bb2 Kg7 40. Qd2 Qf5 41. Qd4 g5 42. Kg3 h5 43. Kh2 g4 44. hxg4 hxg4 45. Kg3 b5 46. e4 Qe6 47. f5 Qc6 48. e5 b4 49. e6 Qc7+ 50. Kxg4 Kg8 51. axb4 a3 52. Bxa3 Qg7+ 53. Kf3 Qb7+ 54. Qe4 Qa6 55. Bb2 Qf1+ 56. Kg3 Qd1 57. Bxf6 Qb3+ 58. Kh2 1-0

[Event "Kurnosov Memorial Rapid 2019"]
[Site "Chelyabinsk"]
[Date "2019.09.08"]
[Round "11.5"]
[White "Romanov, Evgeny"]
[Black "Korneev, Oleg"]
[Result "1/2-1/2"]
[ECO "A20"]
[WhiteElo "2579"]
[BlackElo "2508"]
[Annotator "ChessBase"]
[PlyCount "84"]
[EventDate "2019.09.06"]
[EventType "swiss"]
[EventCountry "RUS"]
[SourceTitle "playchess.com"]
[Source "ChessBase"]
[SourceQuality "1"]
[TimeControl "900+10"]

1. c4 e5 2. d3 Nc6 3. Nc3 Bc5 4. g3 d6 5. Bg2 Nf6 6. e3 O-O 7. Nge2 a6 8. O-O Ba7 9. b3 Ne7 10. d4 Ng6 11. dxe5 Nxe5 12. h3 Rb8 13. Nf4 b5 14. cxb5 axb5 15. Bb2 Re8 16. Rc1 b4 17. Ncd5 Nxd5 18. Nxd5 Bc5 19. f4 Ng6 20. f5 Ne5 21. f6 Be6 22. Rxc5 dxc5 23. Ne7+ Kf8 24. Qh5 gxf6 25. Qh6+ Kxe7 26. Qxf6+ Kf8 27. Qh6+ Ke7 28. Bxe5 Qd3 29. Bc6 Rg8 30. Qf6+ Kf8 31. Qh6+ Ke7 32. Qf4 Rg6 33. Be4 Qe2 34. Bxc7 Rd8 35. Qh4+ f6 36. Qxh7+ Bf7 37. Bxd8+ Kxd8 38. Bxg6 Qxe3+ 39. Rf2 Qe1+ 40. Rf1 Qe3+ 41. Rf2 Qe1+ 42. Rf1 Qe3+ 1/2-1/2

[Event "Kurnosov Memorial Rapid 2019"]
[Site "Chelyabinsk"]
[Date "2019.09.08"]
[Round "11.6"]
[White "Yudin, Sergei"]
[Black "Zhigalko, Andrey"]
[Result "1-0"]
[ECO "B50"]
[WhiteElo "2494"]
[BlackElo "2478"]
[Annotator "ChessBase"]
[PlyCount "63"]
[EventDate "2019.09.06"]
[EventType "swiss"]
[EventCountry "RUS"]
[SourceTitle "playchess.com"]
[Source "ChessBase"]
[SourceQuality "1"]
[TimeControl "900+10"]

1. e4 c5 2. Nf3 d6 3. c3 Nf6 4. h3 Nc6 5. Bd3 d5 6. e5 Nd7 7. Bb5 Qb6 8. Na3 e6 9. d3 Qc7 10. Qe2 a6 11. Bxc6 Qxc6 12. Nc2 b6 13. O-O a5 14. Rd1 h6 15. Bf4 Ba6 16. Qd2 f5 17. exf6 gxf6 18. d4 O-O-O 19. b4 Rg8 20. bxc5 bxc5 21. Ne3 e5 22. dxe5 d4 23. cxd4 Qxf3 24. Bg3 Rxg3 25. fxg3 Qxg3 26. Nf5 Qg6 27. Qc2 Kb8 28. e6 Nb6 29. Rab1 Ka7 30. Rxb6 Kxb6 31. Rb1+ Kc7 32. Qb3 1-0

[Event "Kurnosov Memorial Rapid 2019"]
[Site "Chelyabinsk"]
[Date "2019.09.08"]
[Round "11.7"]
[White "Frolyanov, Dmitry"]
[Black "Slizhevsky, Alexander"]
[Result "1-0"]
[ECO "B65"]
[WhiteElo "2545"]
[BlackElo "2459"]
[Annotator "RC"]
[PlyCount "121"]
[EventDate "2019.09.06"]
[EventType "swiss"]
[EventCountry "RUS"]
[SourceTitle "playchess.com"]
[Source "ChessBase"]
[SourceQuality "1"]
[TimeControl "900+10"]

1. e4 c5 2. Nf3 d6 3. d4 cxd4 4. Nxd4 Nf6 5. Nc3 Nc6 6. Bg5 e6 7. Qd2 Be7 8. O-O-O O-O 9. f4 Nxd4 10. Qxd4 Qa5 11. Bc4 Bd7 12. e5 dxe5 13. fxe5 Bc6 14. Bd2 Nd7 15. Nd5 Qd8 16. Nxe7+ Qxe7 17. Rhe1 Rfd8 18. Qg4 Nb6 19. Bf1 Rac8 20. Bb4 Rxd1+ 21. Rxd1 Qc7 22. Bd6 Bf3 23. Bxc7 Bxg4 24. Rd8+ Rxd8 25. Bxd8 Nd7 26. Bc7 Bf5 27. Kd2 Be4 28. c4 Kf8 29. b4 Ke8 30. Ke3 Bc2 31. Be2 b6 32. Bf3 Ke7 33. Kd4 f6 34. exf6+ gxf6 35. c5 bxc5+ 36. bxc5 Bb1 37. Bd6+ Kd8 38. a3 Ba2 39. Bb7 a5 40. g4 e5+ 41. Ke3 Bf7 42. Be4 h6 43. h3 Bc4 44. Kf3 Ke8 45. c6 Nb6 46. Bc7 Nd5 47. Bxa5 Ne7 48. Bd2 Bb5 49. c7 Bd7 50. Bxh6 f5 51. gxf5 Nxf5 52. Bg5 Nd4+ 53. Kg3 Ne6 54. Bg6+ Kf8 55. Bd8 Nf4 56. Be4 Bc8 57. h4 Kf7 58. a4 Ke6 59. Bf3 Kd6 60. h5 Ne6 61. h6 1-0

[Event "Kurnosov Memorial Rapid 2019"]
[Site "Chelyabinsk"]
[Date "2019.09.08"]
[Round "11.8"]
[White "Simantsev, Mikhail"]
[Black "Kotsur, Pavel"]
[Result "1-0"]
[ECO "E15"]
[WhiteElo "2346"]
[BlackElo "2528"]
[Annotator "RC"]
[PlyCount "171"]
[EventDate "2019.09.06"]
[EventType "swiss"]
[EventCountry "RUS"]
[SourceTitle "playchess.com"]
[Source "ChessBase"]
[SourceQuality "1"]
[TimeControl "900+10"]

1. d4 Nf6 2. c4 e6 3. Nf3 b6 4. g3 Ba6 5. Qa4 Bb7 6. Bg2 c5 7. dxc5 Bxc5 8. O-O O-O 9. Nc3 Be7 10. Rd1 d6 11. Bf4 a6 12. Qc2 Qc7 13. Rac1 Rd8 14. b3 Nbd7 15. e4 Nf8 16. e5 dxe5 17. Bxe5 Qc8 18. Na4 N6d7 19. Bd4 Qc7 20. Qb2 f6 21. Qe2 Bc6 22. Nc3 Qb7 23. Nh4 Rac8 24. Bxc6 Qxc6 25. Be3 Ne5 26. f4 Nf7 27. Bf2 Bb4 28. Ne4 Ba3 29. Rxd8 Rxd8 30. Rc2 Rd7 31. Nf3 Qb7 32. Rd2 Rxd2 33. Nfxd2 Qc6 34. Nf3 Be7 35. Nd4 Qd7 36. Nf3 Qc6 37. Nd4 Qd7 38. Nf3 Qb7 39. Nc3 Bb4 40. Ne4 Be7 41. Nc3 Bb4 42. Ne4 Be7 43. Nc3 Bb4 44. Ne4 h6 45. Nd4 Qd7 46. Nc2 Be7 47. Bxb6 e5 48. fxe5 Nxe5 49. Bd4 Nc6 50. Bf2 Ne5 51. Nc3 Qh3 52. Nd5 Bd8 53. Nd4 Nfg6 54. Qe4 Qd7 55. Qf5 Qb7 56. Nf3 Nxf3+ 57. Qxf3 Qd7 58. Qe4 Ne5 59. Bd4 Nc6 60. Kg2 Qd6 61. Qe8+ Kh7 62. Qe4+ Kg8 63. c5 Qd7 64. Bc3 a5 65. a3 Na7 66. b4 axb4 67. axb4 Qc6 68. Kf3 Qd7 69. Ne3 Kf8 70. Qd5 Qc7 71. Nf5 Nb5 72. Bd2 Be7 73. Bf4 Qa7 74. Kg2 Nc3 75. Qe6 Qa8+ 76. Kh3 Qe4 77. Qxe4 Nxe4 78. Kg4 Bd8 79. Kf3 Nc3 80. Bd2 Nb5 81. Ke4 Nc7 82. Bf4 g6 83. Bxh6+ Kf7 84. Nd4 f5+ 85. Kd3 Kf6 86. Bf4 1-0

[Event "Kurnosov Memorial Rapid 2019"]
[Site "Chelyabinsk"]
[Date "2019.09.08"]
[Round "11.9"]
[White "Drygalov, Andrey"]
[Black "Kabanov, Nikolai"]
[Result "1-0"]
[ECO "C42"]
[WhiteElo "2499"]
[BlackElo "2455"]
[Annotator "ChessBase"]
[PlyCount "101"]
[EventDate "2019.09.06"]
[EventType "swiss"]
[EventCountry "RUS"]
[SourceTitle "playchess.com"]
[Source "ChessBase"]
[SourceQuality "1"]
[TimeControl "900+10"]

1. e4 e5 2. Nf3 Nf6 3. Nxe5 d6 4. Nf3 Nxe4 5. Qe2 Qe7 6. d3 Nf6 7. Nc3 Qxe2+ 8. Bxe2 Bd7 9. Bg5 Be7 10. O-O-O Nc6 11. Rde1 h6 12. Bd2 O-O-O 13. d4 Rde8 14. Bc4 Rhf8 15. d5 Nb8 16. h3 Bf5 17. Nd4 Bh7 18. g4 Nbd7 19. f4 a6 20. a4 Nc5 21. f5 Bd8 22. Nf3 Nfe4 23. Nxe4 Nxe4 24. Be3 Ng5 25. Nxg5 Bxg5 26. Bxg5 hxg5 27. Kd2 f6 28. Bd3 Bg8 29. c4 Bf7 30. a5 Rxe1 31. Rxe1 Re8 32. Rh1 Rh8 33. Kc3 c6 34. dxc6 bxc6 35. b4 Kc7 36. Rh2 Kd7 37. b5 cxb5 38. cxb5 axb5 39. Bxb5+ Kc7 40. Kb4 Bd5 41. Rc2+ Kb7 42. Rd2 Bf3 43. Rxd6 Rxh3 44. Rd7+ Kc8 45. Rxg7 Rg3 46. Kc5 Rxg4 47. a6 Rg1 48. a7 Ra1 49. Kb6 Kd8 50. Rd7+ Kc8 51. Re7 1-0

[Event "Kurnosov Memorial Rapid 2019"]
[Site "Chelyabinsk"]
[Date "2019.09.08"]
[Round "11.10"]
[White "Kryakvin, Dmitry"]
[Black "Bezgodov, Alexei"]
[Result "1/2-1/2"]
[ECO "D02"]
[WhiteElo "2610"]
[BlackElo "2459"]
[Annotator "RC"]
[PlyCount "106"]
[EventDate "2019.09.06"]
[EventType "swiss"]
[EventCountry "RUS"]
[SourceTitle "playchess.com"]
[Source "ChessBase"]
[SourceQuality "1"]
[TimeControl "900+10"]

1. d4 d5 2. Nf3 c5 3. c4 cxd4 4. cxd5 Nf6 5. Qxd4 Qxd5 6. Nc3 Qxd4 7. Nxd4 e5 8. Ndb5 Na6 9. g3 Bd7 10. Bg2 Bxb5 11. Nxb5 Bb4+ 12. Nc3 Bxc3+ 13. bxc3 Nc5 14. Be3 Rc8 15. O-O b6 16. c4 Ke7 17. Rfd1 Rhd8 18. h3 Rxd1+ 19. Rxd1 Nfd7 20. Bd5 Nf6 21. Bg2 Nfd7 22. f4 f6 23. Bd5 exf4 24. gxf4 f5 25. Bf2 Nf6 26. Bh4 Rd8 27. Kh2 Rd6 28. e3 Kf8 29. Bf3 Rxd1 30. Bxd1 Nfe4 31. Bc2 g6 32. Be1 Nd6 33. Bb3 a5 34. Kg2 a4 35. Bc2 Nxc4 36. Kf3 Kf7 37. Bb4 Na6 38. Be1 b5 39. e4 Ke6 40. exf5+ gxf5 41. h4 Nb8 42. Bd3 Nc6 43. Bc3 Nd6 44. Ke3 Kd5 45. Bg7 Nb4 46. Bb1 a3 47. Bf8 Nc6 48. Bxd6 Kxd6 49. Bxf5 Nb4 50. Bxh7 Nxa2 51. Kd2 Nb4 52. Kc3 Nd5+ 53. Kb3 Nxf4 1/2-1/2